 Dungeon Crawl Stone Soup version 0.22-a0-348-gd16d139 (webtiles) character file.

2 BaronVonScrub the Magician (level 1, 0/11 HPs)
             Began as an Octopode Wizard on Apr 7, 2018.
             Slain by a jackal (3 damage)
             ... on level 1 of the Dungeon.
             The game lasted 00:01:47 (308 turns).

BaronVonScrub the Magician (Octopode Wizard)         Turns: 308, Time: 00:01:48

Health: 0/11       AC:  1    Str:  6    XL:     1   Next: 40%
Magic:  1/4        EV: 13    Int: 20    God:
Gold:   24         SH:  0    Dex: 10    Spells: 5/6 levels left

rFire    . . .     SeeInvis .   (no weapon)
rCold    . . .     Gourm    .   (no shield)
rNeg     . . .     Faith    .   a - +0 hat
rPois    .         Spirit   .   (no amulet)
rElec    .         Reflect  .   (no ring)
rCorr    .         Harm     .   (no ring)
MR       .....                  (no ring)
Stlth    +++.......             (no ring)
HPRegen  0.03/turn              (no ring)
MPRegen  0.09/turn              (no ring)
                                (no ring)
                                (no ring)

@: no status effects
A: almost no armour, stealthy swim, amphibious, 8 rings, constrict 8, camouflage
1, gelatinous body 1
a: no special abilities


You were on level 1 of the Dungeon.
You were not hungry.

You visited 1 branch of the dungeon, and saw 1 of its levels.

You collected 24 gold pieces.

Inventory:

Armour
 a - a +0 hat (worn)
Comestibles
 c - a ration


   Skills:
 - Level 2.0 Dodging
 * Level 2.9 Stealth
 * Level 3.0 Spellcasting
 - Level 1.0 Conjurations
   Level 1.0 Summonings
   Level 1.0 Translocations


You had 5 spell levels left.
You knew the following spells:

 Your Spells              Type           Power        Failure   Level  Hunger
a - Magic Dart            Conj           #...         10%         1    None


Dungeon Overview and Level Annotations

Branches:
Dungeon (1/15)

Altars:


Innate Abilities, Weirdness & Mutations

You cannot wear most types of armour.
You are very stealthy in the water. (Stealth+)
You are amphibious.
You can wear up to eight rings at the same time.
You can use your tentacles to constrict eight enemies at once.
Your skin changes colour to match your surroundings (Stealth+).
Your rubbery body absorbs attacks. (AC +1, EV +1)


Message History

You closely miss the jackal. Your grab misses the jackal.
The jackal is moderately wounded.
The jackal barely misses you.
You closely miss the jackal. Your grab misses the jackal.
The jackal is moderately wounded.
The jackal bites you. x2
You tentacle-slap the jackal but do no damage.
Your grab misses the jackal.
The jackal is moderately wounded.
The jackal barely misses you.
A kobold comes into view. It is wielding a whip.
You tentacle-slap the jackal. Your grab misses the jackal.
The jackal is heavily wounded.
The jackal bites you.
* * * LOW HITPOINT WARNING * * *
You tentacle-slap the jackal but do no damage.
Your grab misses the jackal.
The jackal is heavily wounded.
The jackal misses you. The jackal bites you.
You die...

**,,,,,,,,,,,,,,***,,,,*,,,,,,,*
*******,***,..,##...,***,,,,,,,*
,,,,,,,,,,,,........,,,,,,,,,,,*
*******,***,##.#.#.#****,,,,,,,*
** *,**,,.....#.# *,,,,,,,* ,*
**,,,,,*,...#.# *****,,** ,*
***,,,**,*,*#...# **,*
,***,,,,*#..#h###..##### *,*
,,**,**,,....hhh@......# *,##
*,,,,**,,...K.########.## *..#
,,,****,,...*** #..# *#.# ,*,*
*,,.,,* ##.## #.# ,*,****,,,,**
#..# #.# **,**,,,,,,* ##.### #.#
*,*,,*,*,,* ****####...###.##
*,,,**,,,** **,,.#...##>.....#
*,,*,,,,** **,,.......#####..#


You could see 4 jackals and a kobold.

Vanquished Creatures
  A hobgoblin (D:1)
  A frilled lizard (D:1)
  A rat (D:1)
3 creatures vanquished.

Notes
Turn   | Place    | Note
-------+----------+-------------------------------------------
     0 | D:1      | BaronVonScrub the Octopode Wizard began the quest for the Orb.
     0 | D:1      | Reached XP level 1. HP: 11/11 MP: 4/4
   308 | D:1      | Slain by a jackal

Vault maps used:
D:1:      nicolae_arrival_washed_ashore, minmay_misc_feat_tower,
          minmay_misc_feat_room, minmay_tree_intersection, st_stairs_13

Action                   || total
-------------------------++-------
Melee: Unarmed           ||    18
       Constrict         ||     3
       Tentacles         ||     1
 Cast: Magic Dart        ||     4
  Use: Scroll            ||     1
Armor: Skin              ||     3
Dodge: Dodged            ||    13

Table legend:
 A = Spawn XP
 B = Non-spawn XP
 C = Spawn XP percentage of total XP
 D = Spawn monster count
 E = Non-spawn monster count
 F = Spawn count percentage of total count
 G = Total turns spent on level
                    A         B        C        D         E        F      G
               +---------+---------+-------+---------+---------+-------+---------
         Total |       0 |       4 |   0.0 |       0 |       3 |   0.0 |   308
               +---------+---------+-------+---------+---------+-------+---------
           D:1 |       0 |       4 |   0.0 |       0 |       3 |   0.0 |   308
               +---------+---------+-------+---------+---------+-------+---------
